 Dungeon Crawl Stone Soup version 0.31-a0-1159-g800acc2fd1 (webtiles) character file.

Game seed: 12718059365774424310

24 Malachi the Insei (level 2, 0/21 HPs)
             Began as a Vampire Shapeshifter on Dec 8, 2023.
             Was a Plaything of Xom.
             Slain by a jackal (1 damage)
             ... on level 2 of the Dungeon.
             The game lasted 00:01:04 (554 turns).

Malachi the Insei (Vampire Shapeshifter)             Turns: 554, Time: 00:01:04

Health: 0/21       AC:  2    Str: 12 (13) XL:     2   Next: 79%
Magic:  2/2        EV: 12    Int:  9 (12) God:    Xom [..*...]
Gold:   111        SH:  0    Dex: 10 (13) Spells: 1/1 levels left

rFire   + .          .
                       - Unarmed
rCold   . . .        (no shield)
rNeg    . . .        a - +0 animal skin
rPois   .            (helmet currently unavailable)
rElec   .            (cloak currently unavailable)
rCorr   .            (gloves currently unavailable)
SInv    +            (boots currently unavailable)
Will    .....        (no amulet)
Stlth   +            f - ring of protection from fire
HPRegen 0.43/turn    (no ring)
MPRegen 0.08/turn

%: no passive effects
@: lethally poisoned (0 -> -3), beast-form, healing quickly
A: beast (slay +2), alive, fangs 3, see invisible, vampiric 1
a: Exsanguinate, Begin Untransformation, Renounce Religion


You were on level 2 of the Dungeon.
You worshipped Xom.
You were a toy of Xom.
You were a hulking beast.
You visited 1 branch of the dungeon, and saw 2 of its levels.

You collected 111 gold pieces.

Inventory:

Armour
 a - a +0 animal skin (worn)
Jewellery
 f - a ring of protection from fire (left hand)
Talismans
 c - a beast talisman
 d - a flux talisman
Scrolls
 e - a scroll of enchant weapon {unknown}
 h - 2 scrolls of identify {unknown}
Potions
 b - a potion of lignification
 i - 2 potions of curing {unknown}


   Skills:
 + Level 1.4 Fighting
 + Level 2.6 Dodging
 + Level 3.6 Unarmed Combat
 + Level 3.5 Shapeshifting


You had one spell level left.
You didn't know any spells.
Your spell library contained the following spells:

 Spells                   Type           Power      Damage    Failure   Level
 Ensorcelled Hibernation  Hex/Ice        0%         N/A       52%         2
 Passwall                 Tmut/Erth      0%         N/A       52%         2
 Swiftness                Air            0%         N/A       77%         3


Dungeon Overview and Level Annotations

Branches:
Dungeon (2/15)

Altars:
Xom


Innate Abilities, Weirdness & Mutations

You are a hulking beast.
Your limbs bulge with bestial killing power. (Slay +2)
Your natural rate of healing is accelerated.
You have razor-sharp teeth.
You have supernaturally acute eyesight. (SInv)
You are afflicted with vampirism.


Message History

The adder is lightly wounded.
The adder barely misses you. The jackal barely misses you.
The adder barely misses you. The jackal closely misses you.
You hit the adder. Your bite misses the adder.
The adder is moderately wounded.
The adder closely misses you. The jackal completely misses you.
The jackal misses you.
You miss the adder.
The adder is moderately wounded.
The jackal bites you. The jackal misses you. The adder bites you.
You hit the adder. Your punch misses the adder.
The adder is severely wounded.
The jackal barely misses you. The adder bites you.
The jackal bites you but does no damage.
You barely miss the adder.
The adder is severely wounded.
The jackal bites you but does no damage. x2
The adder closely misses you. The jackal bites you.
The jackal barely misses you. The jackal closely misses you.
You hit the adder.
The adder is almost dead.
The adder bites you.
The jackal bites you. x3; The adder bites you.
* * * LOW HITPOINT WARNING * * *
You are poisoned.
The adder poisons you!
You are too injured to fight recklessly!
You are too injured to fight recklessly!
You are too injured to fight recklessly!
You are too injured to fight recklessly!
You are too injured to fight recklessly!
It was a potion of degeneration.
There was something very wrong with that liquid.
You feel weakened.
You feel dopey.
You feel clumsy.
Xom roars with laughter!
* * * LOW HITPOINT WARNING * * *
You feel sick. The jackal bites you.
* * * LOW HITPOINT WARNING * * *
The jackal bites you.
You die... "It's all fun and games until someone loses an eye."

.#.. ....#
....#####.###.#
...............# .##
.#.#.......##..# ...#
........##.##..# ##...#
......hSh......##......
#.##hh......#.......
#...................
#.##...............#
.....................
########.###.#########
#.###.# #.##..# #.##.##
#.##.#


You could see an adder and 3 jackals.

Vanquished Creatures
  4 bats (D:1)
  5 endoplasms (D:1)
  2 giant cockroaches (D:1)
  2 goblins (D:1)
  2 hobgoblins (D:1)
  A ball python (D:1)
  2 frilled lizards (D:1)
  3 rats
21 creatures vanquished.

Notes
Turn   | Place    | Note
-------+----------+-------------------------------------------
     0 | D:1      | Malachi the Vampire Shapeshifter began the quest for the
                  | Orb.
     0 | D:1      | Reached XP level 1. HP: 14/14 MP: 1/1
    44 | D:1      | Reached skill level 1 in Fighting
    88 | D:1      | Reached XP level 2. HP: 7/21 MP: 2/2
   281 | D:1      | Found a faded altar of an unknown god.
   303 | D:1      | Prayed at the altar of an unknown god.
   303 | D:1      | Became a worshipper of Xom of Malevolent Giggling
   442 | D:1      | XOM: divination: detect items
   547 | D:2      | XOM: silly message
   554 | D:2      | HP: 1/21 [jackal (3)]
   554 | D:2      | Slain by a jackal

Illustrated notes

Levels and vault maps discovered:
D:1:      tarquinn_simple_flora_water_f, layout_rooms,
          ebering_ecumenical_altar_mist, minivault_5
D:2:      layout_loops_ring, uniq_natasha

Skill      XL: |  1 |
---------------+----+-----
Fighting       | 1 |  1.4
Dodging        | |  2.6
Unarmed Combat | |  3.6
Shapeshifting  | |  3.5

Action                     || total
---------------------------++-------
  Melee: Unarmed           ||    53
         Bite              ||     6
         Punch             ||     1
    Use: Potion            ||     1
   Stab: Sleeping          ||     1
 Armour: Animal skin       ||    44
  Dodge: Dodged            ||    35

Table legend: (Time is in decaauts)
 A = Elapsed time spent in this place.
 B = Non-inter-level travel time spent in this place.
 C = Inter-level travel time spent in this place.
 D = Time resting spent in this place.
 E = Time spent auto-exploring this place.
 F = Levels seen in this place.
 G = Mean time per level.
                   A        B        C        D        E       F      G
               +--------+--------+--------+--------+--------+-----+--------+
         Total |    550 |    517 |     33 |      0 |    360 |   2 |  275.0 |
       Dungeon |    550 |    517 |     33 |      0 |    360 |   2 |  275.0 |
               +--------+--------+--------+--------+--------+-----+--------+

Top non-repeatable levels by time:
     D:1: 521 daAuts
     D:2: 28 daAuts
